 Dungeon Crawl Stone Soup version 0.19-a0-157-gbc558dc (webtiles) character file.

36 Kidiri the Ducker (level 3, 0/20 HPs)
             Began as a Deep Elf Fire Elementalist on May 20, 2016.
             Succumbed to an adder's poison
             ... on level 2 of the Dungeon.
             The game lasted 00:03:10 (1530 turns).

Kidiri the Ducker (Deep Elf Fire Elementalist)      Turns: 1530, Time: 00:03:11

Health: 0/20       AC:  2    Str:  5    XL:     3   Next: 19%
Magic:  7/9        EV: 14    Int: 20    God:
Gold:   74         SH:  0    Dex: 15    Spells: 3 memorised, 2 levels left

rFire  . . .     SeeInvis .     g - +0 dagger
rCold  . . .     Gourm    .     a - +0 robe
rNeg   . . .     Faith    .     (no shield)
rPois  .         Spirit   .     (no helmet)
rElec  .         Dismiss  .     (no cloak)
rCorr  .         Reflect  .     (no gloves)
SustAt .         Harm     .     (no boots)
MR     .....                    (no amulet)
Stlth  ++........               (no ring)
                                (no ring)

@: lethally poisoned (0 -> -6), very slightly contaminated, not resistant to
hostile enchantments, unstealthy
A: no striking features
a: no special abilities


You were on level 2 of the Dungeon.
You were not hungry.

You visited 1 branch of the dungeon, and saw 2 of its levels.

You collected 74 gold pieces.

Inventory:

Hand Weapons
 g - a +0 dagger (weapon)
Armour
 a - a +0 robe (worn)
Scrolls
 e - a scroll of teleportation {unknown}
 f - a scroll of amnesia {unknown}
Books
 b - a book of Flames

   Spells                             Type                      Level
   a - Flame Tongue                   Conjuration/Fire             1
   b - Throw Flame                    Conjuration/Fire             2
   c - Conjure Flame                  Conjuration/Fire             3
   d - Inner Flame                    Hexes/Fire                   3
   e - Sticky Flame                   Conjuration/Fire             4
   f - Fireball                       Conjuration/Fire             5
Comestibles
 c - 2 bread rations
 d - a chunk of flesh


   Skills:
 + Level 0.4 Fighting
 + Level 0.0 Armour
 * Level 3.6 Dodging
 - Level 2.4 Stealth
 * Level 3.4 Spellcasting
 + Level 1.4 Conjurations
 + Level 0.0 Hexes
 + Level 3.4 Fire Magic


You had 2 spell levels left.
You knew the following spells:

 Your Spells              Type           Power        Failure   Level  Hunger
a - Flame Tongue          Conj/Fire      ##...        6%          1    None
b - Throw Flame           Conj/Fire      ##....       10%         2    ##.....
d - Inner Flame           Hex/Fire       ##......     21%         3    ###....


Dungeon Overview and Level Annotations

Branches:
Dungeon (2/15)

Altars:

Annotations:
D:2 Sigmund


Message History

The adder bites you.
Casting: Flame Tongue
Confirm with . or Enter, or press ? or * to list all spells.
Aiming: Flame Tongue
Press: ? - help, Shift-Dir - straight line, f/p - adder
Aim: an adder You miscast Flame Tongue.
You are very lightly contaminated with residual magic.
Nothing appears to happen.
The adder bites you.
You feel sick. The adder bites you.
* * * LOW HITPOINT WARNING * * *
You aren't carrying any potions.
You aren't carrying any potions.
You feel sick. The adder barely misses you.
You see here a rat skeleton.
The adder bites you.
* * * LOW HITPOINT WARNING * * *
You are more poisoned.
The adder poisons you!
You die...

#......<....#
###########.# #.#
#.# ##.# #..#
#.## #.# #@# #@#
#.# #.# #S# ###.#
#.# .<.. #รท#
#..# #.# #..# #.#
#.####..### #.#
##.........####.#


You could see an adder.

Vanquished Creatures
  A worm (D:1)
  A giant gecko (D:2)
  6 bats (D:1)
  3 goblins (D:1)
  A hobgoblin (D:1)
  7 jackals (D:1)
  A ball python (D:1)
  A giant newt (D:1)
  2 kobolds
  9 rats
32 creatures vanquished.

Notes
Turn   | Place    | Note
--------------------------------------------------------------
     0 | D:1      | Kidiri the Deep Elf Fire Elementalist began the quest for the Orb.
     0 | D:1      | Reached XP level 1. HP: 10/10 MP: 6/6
   384 | D:1      | Reached XP level 2. HP: 11/15 MP: 1/8
   388 | D:1      | Learned a level 2 spell: Throw Flame
  1215 | D:1      | Reached XP level 3. HP: 19/19 MP: 6/9
  1224 | D:1      | Learned a level 3 spell: Inner Flame
  1510 | D:2      | Noticed Sigmund
  1529 | D:2      | HP: 1/20 [adder (2)]
  1530 | D:2      | Succumbed to an adder's poison

Vault maps used:
D:1:      mainiacjoe_arrival_reflecting_pool
D:2:      st_stairs_1, uniq_sigmund

Skill      XL: |  1 |
---------------+----+-----
Dodging        | 3 |  3.6
Fighting       | |  0.4
Stealth        | |  2.4
Spellcasting   | |  3.4
Conjurations   | |  1.4
Fire Magic     | |  3.4

Action                   || total
-------------------------++-------
Melee: Unarmed           ||    11
       Dagger            ||     2
 Cast: Flame Tongue      ||    43
       Throw Flame       ||     9
  Eat: Chunk             ||     2
Armor: Robe              ||     7
Dodge: Dodged            ||    38
